 Dungeon Crawl Stone Soup version 0.18-a0-1354-gbc5753f (webtiles) character file.

4937 Ratboiler the Destroyer (level 10, -7/52 HPs)
             Began as a Deep Elf Wanderer on Feb 19, 2016.
             Was a Priest of Vehumet.
             Killed from afar by Joseph (28 damage)
             ... with a wand of lightning
             ... on level 8 of the Dungeon.
             The game lasted 00:58:47 (11682 turns).

Ratboiler the Destroyer (Deep Elf Wanderer)        Turns: 11682, Time: 00:58:47

Health: -7/52      AC:  4    Str: 11      XL:     10   Next: 28%
Magic:  13/25      EV: 11    Int: 21      God:    Vehumet [***...]
Gold:   145        SH:  0    Dex: 10 (12) Spells: 7 memorised, 5 levels left

rFire  . . .     SeeInvis .     b - +0 blowgun
rCold  . . .     Gourm    .     K - +1 robe {MR+}
rNeg   . . .     Faith    .     (no shield)
rPois  +         Spirit   .     (no helmet)
rElec  .         Dismiss  .     (no cloak)
rCorr  .         Reflect  .     p - +0 pair of gloves
SustAt .         Harm     .     (no boots)
MR     +++..     Clarity  +     (no amulet)
Stlth  +.........               s - +5 ring of slaying
                                k - ring of poison resistance

@: about to teleport, extremely resistant to hostile enchantments, very
unstealthy
A: clarity, deterioration 1, magic resistance 1
a: Renounce Religion


You were on level 8 of the Dungeon.
You worshipped Vehumet.
Vehumet was most pleased with you.
You were not hungry.

You visited 1 branch of the dungeon, and saw 8 of its levels.
You also visited: Ossuary.

You collected 413 gold pieces.
You spent 268 gold pieces at shops.

Inventory:

Hand Weapons
 a - a +2 scimitar of flaming
 b - a +0 blowgun (weapon)
 q - a +0 whip of holy wrath
 I - a +0 dagger of draining
Missiles
 c - 59 poisoned needles (quivered)
 i - 5 needles of sleeping
 n - 217 stones
Armour
 p - a +0 pair of gloves (worn)
 K - a +1 robe of magic resistance (worn)
Jewellery
 k - a ring of poison resistance (left hand)
 s - a +5 ring of slaying (right hand)
 F - an uncursed ring of stealth
Wands
 e - a wand of acid (7/15)
 t - a wand of random effects (29/48)
 w - a wand of lightning (6/15)
 A - a wand of acid (8/15)
 G - a wand of confusion (4/48)
Scrolls
 g - a scroll of magic mapping
 l - a scroll of amnesia
 m - 5 scrolls of teleportation
 o - a scroll of blinking {unknown}
 x - 2 scrolls of remove curse
 C - 5 scrolls of fear
 E - 4 scrolls of immolation {unknown}
 L - a scroll of enchant armour
Potions
 h - 4 potions of flight
 r - 3 potions of brilliance
 u - 2 potions of invisibility
 z - 2 potions of curing
 B - a potion of cure mutation
 D - 2 potions of lignification
 J - a potion of cancellation {unknown}
Books
 d - a book of Conjurations

   Spells                             Type                      Level
   a - Magic Dart                     Conjuration                  1
   b - Searing Ray                    Conjuration                  2
   c - Dazzling Spray                 Conjuration/Hexes            3
   d - Fulminant Prism                Conjuration/Hexes            4
   e - Iskenderun's Mystic Blast      Conjuration                  4
   f - Iskenderun's Battlesphere      Conjuration/Charms           5
 j - the Almanac of Moulding

   Spells                             Type                      Level
   a - Beastly Appendage              Transmutation                1
   b - Spider Form                    Transmutation/Poison         3
 v - a book of Fire

   Spells                             Type                      Level
   a - Ignite Poison                  Fire/Transmutation/Poison    3
   b - Fireball                       Conjuration/Fire             5
   c - Bolt of Fire                   Conjuration/Fire             6
   d - Delayed Fireball               Conjuration/Fire             7
   e - Ring of Flames                 Charms/Fire                  7
 y - a book of Cantrips

   Spells                             Type                      Level
   a - Corona                         Hexes                        1
   b - Animate Skeleton               Necromancy                   1
   c - Summon Small Mammal            Summoning                    1
   d - Apportation                    Translocation                1
 H - a book of the Warp

   Spells                             Type                      Level
   a - Recall                         Summoning/Translocation      3
   b - Gell's Gravitas                Hexes/Translocation          3
   c - Force Lance                    Conjuration/Translocation    4
   d - Warp Weapon                    Charms/Translocation         5
   e - Summon Forest                  Summoning/Translocation      5
Comestibles
 f - 3 bread rations
 M - 4 chunks of flesh


   Skills:
 - Level 1.5 Fighting
 - Level 1.0 Throwing
 - Level 1.0 Armour
   Level 1.0 Shields
 - Level 9.8 Spellcasting
 + Level 11.8 Conjurations
 - Level 4.0 Hexes
 + Level 10.6 Charms


You had 5 spell levels left.
You knew the following spells:

 Your Spells              Type           Power        Failure   Level  Hunger
a - Magic Dart            Conj           ####         1%          1    None
b - Dazzling Spray        Conj/Hex       #####...     1%          3    None
c - Iskenderun's Mystic   Conj           ######..     1%          4    ##.....
d - Iskenderun's Battles  Conj/Chrm      ######..     1%          5    ####...
e - Animate Skeleton      Necr           N/A          10%         1    None
f - Stone Arrow           Conj/Erth      #####.       1%          3    None
g - Bolt of Fire          Conj/Fire      #####.....   43%         6    ######.


Dungeon Overview and Level Annotations

Branches:
Dungeon (8/15)             Temple (0/1) D:5
   Lair: D:8-11

Altars:
Ashenzari
Cheibriados
Elyvilon
Fedhas
Gozag
Kikubaaqudgha
Makhleb
Okawaru
Qazlal
Sif Muna
Trog
Vehumet

Shops:
D:6 (   D:8 }}

Annotations:
D:3 exclusion: downstairs
D:5 exclusion: downstairs
D:8 Joseph


Innate Abilities, Weirdness & Mutations

You possess an exceptional clarity of mind.
Your body sometimes deteriorates upon taking damage.
You are resistant to hostile enchantments.


Message History

Your body deteriorates!
You feel clumsy.
Read which item? (? for menu, Esc to quit)
Okay, then.
Things that are here:
an animal skin; a human skeleton Joseph shoots a sling bullet.
The sling bullet barely misses you.
Joseph shoots a sling bullet.
The sling bullet hits your battlesphere!
Read which item? (? for menu, Esc to quit)
As you read the scroll of teleportation, it crumbles to dust.
You feel strangely unstable.
Joseph shoots a sling bullet.
The sling bullet closely misses you.
Joseph shouts, "Intruder!"
Joseph zaps a wand.
The bolt of lightning hits your battlesphere.
Your battlesphere completely resists.
The bolt of lightning hits you!
Ouch! That really hurt!
You die...

### #.############ #........%....
####################.############
.................................
########.@.(*[..@....############
# #(############# # ######
########.###### #. #.....
...#..........# ##.##.....
...#####@####.## ### ..........
...+...........## ..# #..........
...###.....(....#+#.###.#........
...# #..........'∩+............##
...# #.##.#.#..##'#.#............


You could see Joseph and a friendly battlesphere.

Vanquished Creatures
  Pikel (D:8)
  A troll (D:8)
  Eustachio (D:5)
  2 hippogriffs
  A hungry ghost (D:8)
  A wolf (D:8)
  A water moccasin (D:8)
  Duvessa (D:5)
  A slave (D:8)
  5 black bears
  A phantom (D:5)
  4 ogres
  3 centaurs
  2 big kobolds
  3 giant frogs
  Dowan (D:5)
  2 wyvern skeletons
  5 killer bees
  8 wights
  An electric eel (D:8)
  2 crimson imps (D:7)
  3 centaur skeletons
  2 orc priests
  9 hounds
  2 jellies
  2 human zombies (Ossuary)
  2 orc wizards (D:7)
  3 iguanas
  Natasha (thrice) (D:3)
  2 worker ants
  A killer bee zombie (D:8)
  A big kobold zombie (Ossuary)
  A hound skeleton (D:6)
  6 mummies (Ossuary)
  A worker ant zombie (D:7)
  8 gnolls
  9 adders
  2 shadow imps (D:5)
  2 adder skeletons (D:6)
  3 worms
  6 giant geckos
  16 orcs
  2 ball pythons
  3 giant cockroaches
  A gnoll zombie (Ossuary)
  6 goblins
  11 hobgoblins
  5 jackals
  4 quokkas
  14 bats
  5 giant newts
  A goblin zombie (Ossuary)
  A hobgoblin zombie (Ossuary)
  A jackal zombie (D:7)
  21 kobolds
  A kobold zombie (Ossuary)
  An orc zombie (Ossuary)
  A quokka zombie (D:5)
  6 rats
215 creatures vanquished.

Vanquished Creatures (collateral kills)
  An orc (D:7)
1 creature vanquished.

Vanquished Creatures (others)
  3 slaves (D:8)
  2 orcs (D:8)
  A plant (D:4)
6 creatures vanquished.

Grand Total: 222 creatures vanquished

Notes
Turn   | Place    | Note
--------------------------------------------------------------
     0 | D:1      | Ratboiler the Deep Elf Wanderer began the quest for the Orb.
     0 | D:1      | Ratboiler set off with: a book of Conjurations, the Almanac of Moulding, 9 poisoned needles, a +0 blowgun, a +0 robe, a bread ration
     0 | D:1      | Reached XP level 1. HP: 12/12 MP: 7/7
     0 | D:1      | Identified the Almanac of Moulding
     2 | D:1      | Learned a level 1 spell: Magic Dart
   270 | D:1      | Reached XP level 2. HP: 16/16 MP: 6/9
   706 | D:2      | Reached XP level 3. HP: 13/20 MP: 6/10
   718 | D:2      | Learned a level 3 spell: Dazzling Spray
  1166 | D:2      | Reached skill level 1 in Hexes
  1375 | D:2      | Found a radiant altar of Vehumet.
  1382 | D:2      | Became a worshipper of Vehumet
  1453 | D:2      | Reached XP level 4. HP: 21/25 MP: 2/12
  1716 | D:3      | Reached skill level 5 in Conjurations
  1804 | D:3      | Noticed Natasha
  1807 | D:3      | Killed Natasha
  1807 | D:3      | Reached XP level 5. HP: 29/29 MP: 8/13
  1807 | D:3      | Noticed Natasha
  2166 | D:3      | Learned a level 4 spell: Iskenderun's Mystic Blast
  2219 | D:3      | Found a deep blue altar of Sif Muna.
  2835 | D:3      | Killed Natasha
  2865 | D:3      | Noticed Natasha
  2867 | D:3      | Killed Natasha
  2995 | D:3      | Found a shattered altar of Ashenzari.
  3198 | D:4      | Found a burning altar of Makhleb.
  3274 | D:4      | Noticed an ogre
  3278 | D:4      | Reached skill level 6 in Conjurations
  3335 | D:4      | Reached XP level 6. HP: 15/34 MP: 3/14
  3526 | D:3      | Learned a level 5 spell: Iskenderun's Battlesphere
  3962 | D:4      | Reached skill level 1 in Charms
  4104 | D:4      | Reached * piety under Vehumet
  4104 | D:4      | Offered knowledge of Shock by Vehumet.
  4439 | D:4      | Found a blossoming altar of Fedhas.
  4480 | D:4      | Found an opulent altar of Gozag.
  4623 | D:5      | Entered Level 5 of the Dungeon
  4647 | D:4      | Found a snail-covered altar of Cheibriados.
  5005 | D:5      | Reached XP level 7. HP: 38/38 MP: 0/15
  5212 | D:5      | Reached skill level 7 in Conjurations
  5448 | D:5      | Reached skill level 5 in Spellcasting
  5448 | D:5      | Reached skill level 5 in Charms
  5457 | D:5      | Noticed Duvessa
  5471 | D:5      | Noticed Dowan
  5482 | D:5      | Killed Duvessa
  5506 | D:5      | Killed Dowan
  5646 | D:5      | Found a staircase to the Ecumenical Temple.
  6083 | D:5      | Noticed Eustachio
  6314 | D:5      | Killed Eustachio
  6314 | D:5      | Reached XP level 8. HP: 43/43 MP: 4/19
  6466 | D:5      | Reached skill level 8 in Conjurations
  7017 | D:6      | Found Yheghuo's Weapon Shoppe.
  7407 | D:6      | Learned a level 1 spell: Animate Skeleton
  7730 | D:6      | Bought a +2 scimitar of flaming for 268 gold pieces
  7746 | D:6      | Found a white marble altar of Elyvilon.
  7747 | D:6      | Found an iron altar of Okawaru.
  7748 | D:6      | Found a stormy altar of Qazlal.
  7837 | D:7      | Found a bloodstained altar of Trog.
  7844 | D:6      | Reached skill level 9 in Conjurations
  7905 | D:7      | Found a sand-covered staircase.
  7921 | Ossuary  | Entered an ossuary
  8014 | Ossuary  | Offered knowledge of Throw Frost by Vehumet.
  8126 | Ossuary  | Reached ** piety under Vehumet
  8555 | D:7      | Found an ancient bone altar of Kikubaaqudgha.
  8608 | D:7      | Reached XP level 9. HP: 47/47 MP: 5/24
  9291 | D:7      | Reached skill level 10 in Conjurations
  9675 | D:7      | Gained mutation: Your body sometimes deteriorates upon taking damage. [potion of mutation]
  9675 | D:7      | Gained mutation: You are resistant to hostile enchantments. [potion of mutation]
  9675 | D:7      | Gained mutation: You possess an exceptional clarity of mind. [potion of mutation]
  9695 | D:7      | Offered knowledge of Inner Flame by Vehumet.
  9841 | D:7      | Reached *** piety under Vehumet
 10066 | D:8      | Reached skill level 11 in Conjurations
 10785 | D:8      | Reached XP level 10. HP: 52/52 MP: 20/25
 10852 | D:8      | Found Bezurevuu's Gadget Shoppe.
 10902 | D:8      | Found a stormy altar of Qazlal.
 11135 | D:6      | Offered knowledge of Stone Arrow by Vehumet.
 11140 | D:6      | Learned a level 3 spell: Stone Arrow
 11265 | D:7      | Learned a level 6 spell: Bolt of Fire
 11318 | D:8      | Found Heotas's Gadget Shop.
 11334 | D:8      | Reached skill level 10 in Charms
 11373 | D:8      | Noticed Pikel
 11377 | D:8      | Killed Pikel
 11670 | D:8      | Noticed Joseph
 11682 | D:8      | Killed from afar by Joseph

Vault maps used:
D:1:      dpeg_arrival_boxes_within_box
D:2:      vehumet_crystals, first_bread
D:3:      wad_lake_hut, overflow_temple_1_default,
          lemuel_coloured_pillars_altar, uniq_natasha
D:4:      fedhas_altar_3, nicolae_overflow_crystal_walls,
          nicolae_overflow_hidden_temple
D:5:      minmay_temple_entry_water_ring, uniq_eustachio, uniq_duvessa
D:6:      gammafunk_temple_overflow_claw, serial_shops, shop
D:7:      trog_ov_bears_minmay, old_standard_altar,
          nicolae_ossuary_entry_monument
D:8:      erik_lair_island, serial_shops, shop, shop, kennysheep_mini,
          nicolae_qazlal_eye_of_the_storm, uniq_pikel, uniq_joseph
Ossuary:  ossuary_crypta

Action                   |  1- 3 |  4- 6 |  7- 9 | 10-12 || total
-------------------------+-------+-------+-------+-------++-------
Melee: Dagger            |    10 |    11 |    29 |       ||    50
       Scimitar          |       |       |    51 |     2 ||    53
 Fire: Blowgun           |     1 |    13 |     5 |     3 ||    22
 Cast: Magic Dart        |    75 |    80 |    84 |    22 ||   261
       Dazzling Spray    |     1 |    33 |    66 |     9 ||   109
       Iskenderun's Myst |       |     6 |    75 |    22 ||   103
       Animate Skeleton  |       |       |    12 |     2 ||    14
       Iskenderun's Batt |       |       |     2 |     2 ||     4
Evoke: Wand              |       |       |       |     3 ||     3
  Use: Scroll            |     2 |     5 |    10 |     3 ||    20
       Potion            |       |       |     2 |     1 ||     3
 Stab: Sleeping          |       |     2 |       |       ||     2
       Invisible         |       |     2 |     2 |       ||     4
       Distracted        |       |       |       |     1 ||     1
  Eat: Chunk             |     1 |     4 |    10 |     1 ||    16
       Meat ration       |       |     1 |     1 |       ||     2
       Bread ration      |       |     1 |     1 |     1 ||     3
       Pizza             |       |     1 |       |       ||     1
       Fruit             |       |       |     2 |       ||     2
       Beef jerky        |       |       |     1 |       ||     1
       Royal jelly       |       |       |     1 |       ||     1
